 Dungeon Crawl Stone Soup version 0.30-a0-953-g5f1da4a474 (webtiles) character file.

Game seed: 16227553342278740600

2523 cforsyth the Basher (level 9, -2/67 (75) HPs)
             Began as a Formicid Fighter on Mar 29, 2023.
             Slain by an orc warrior
             ... wielding a +0 halberd of electrocution
              (17 damage)
             ... in a bailey.
             The game lasted 00:12:25 (6782 turns).

cforsyth the Basher (Formicid Fighter)              Turns: 6782, Time: 00:12:26

HP:   -2/67 (75)    AC: 11    Str: 24    XL:     9   Next: 84%
MP:   9/9           EV:  7    Int:  9    God:
Gold: 288           SH:  5    Dex: 16    Spells: 8/8 levels left

rFire   + + .      SeeInvis +    z - +0 morningstar
rCold   . . .      Faith    .    c - +0 buckler
rNeg    . . .      Spirit   .    p - +0 chain mail
rPois   .          Reflect  .    (helmet unavailable)
rElec   .          Rampage  .    n - +0 cloak
rCorr   .                        (no gloves)
Will    .....                    f - +0 pair of boots of the Bequeathed Louse {rF++ Dex+3} Stlth
                                 g - amulet of regeneration
HPRegen 1.11/turn                (no ring)
MPRegen 0.11/turn                (no ring)

@: heavily drained
A: permanent stasis, dig shafts and tunnels, antennae 3, four strong arms
a: Dig


You were in a bailey.
You visited 1 branch of the dungeon, and saw 8 of its levels.
You also visited: Bailey.

You collected 288 gold pieces.

Inventory:

Hand Weapons
 a - a +0 flail
 z - a +0 morningstar (weapon)
Armour
 c - a +0 buckler (worn)
 f - the +0 pair of boots of the Bequeathed Louse (worn) {rF++ Dex+3}
   (You acquired it on level 8 of the Dungeon)

   Dex:       It affects your dexterity (+3).
   rF:        It greatly protects you from fire.
 m - a +0 pair of boots
 n - a +0 cloak (worn)
 p - a +0 chain mail (worn)
Jewellery
 g - an amulet of regeneration (around neck)
Wands
 o - a wand of mindburst (13)
 v - a wand of paralysis (11)
 B - a wand of iceblast (7)
Scrolls
 b - 2 scrolls of fear {unknown}
 e - a scroll of enchant weapon {unknown}
 h - 7 scrolls of noise {unknown}
 k - a scroll of silence
 l - 5 scrolls of teleportation {unknown}
 q - a scroll of vulnerability
 s - a scroll of enchant armour
 y - a scroll of poison
 A - a scroll of fog
Potions
 d - 3 potions of might
 i - 7 potions of heal wounds
 j - 4 potions of curing
 r - 2 potions of brilliance
 t - a potion of cancellation {unknown}
 u - a potion of attraction
 w - a potion of invisibility {unknown}


   Skills:
 + Level 8.6 Fighting
 * Level 10.5 Maces & Flails
 - Level 3.2 Armour
 - Level 4.0 Shields


You had 8 spell levels left.
You didn't know any spells.
Your spell library contained the following spells:

 Spells                   Type           Power      Damage    Failure   Level
 Beastly Appendage        Tmut           0%         N/A       98%         1
 Magic Dart               Conj           0%         1d3       98%         1
 Call Imp                 Summ           0%         N/A       99%         2
 Ensorcelled Hibernation  Hex/Ice        0%         N/A       99%         2
 Passwall                 Tmut/Erth      0%         N/A       99%         2
 Wereblood                Tmut           0%         N/A       99%         2
 Mephitic Cloud           Conj/Pois/Air  0%         N/A       100%        3
 Spider Form              Tmut/Pois      0%         N/A       100%        3
 Cause Fear               Hex            0%         N/A       100%        4
 Manifold Assault         Tloc           0%         N/A       100%        4
 Dragon Form              Tmut           0%         N/A       100%        7
 Storm Form               Tmut/Air       0%         N/A       100%        7
 Dragon's Call            Summ           0%         N/A       100%        9
 Blink                    Tloc           Unusable   N/A       N/A         2
 Swiftness                Air            Unusable   N/A       N/A         3

Dungeon Overview and Level Annotations

Branches:
Dungeon (8/15)             Temple (0/1) D:7          Bailey (1/1)
   Lair: D:8-11

Altars:
Elyvilon
Hepliaklqana
Nemelex Xobeh
Sif Muna
Trog
Xom

Shops:
D:2 ?   D:7 :

Annotations:
D:7 3 runed translucent doors, ytrimaz's ghost, novice FoFi


Innate Abilities, Weirdness & Mutations

You cannot be hasted, slowed, berserked, paralysed or teleported.
You can dig through walls and to a lower floor.
You have a pair of large antennae on your head. (SInv)
Your four strong arms can wield two-handed weapons with a shield.


Message History

There is an open door here.
You see here a +1 halberd of electrocution.
Items here: ))) ††.
There is an open door, spattered with blood here.
Things that are here:
a +0 trident; a +0 ring mail; an orc corpse The orc warrior barely misses you.
The orc warrior hits you with a +0 halberd of electrocution.
The gnoll hits you but does no damage.
There is an open door, spattered with blood here.
You hit the orc warrior but do no damage.
The orc warrior hits you with a +0 halberd of electrocution.
The gnoll hits you from afar with a +0 halberd of electrocution.
You are electrocuted!
You puncture the orc warrior!
The orc warrior is moderately wounded.
The orc warrior hits you with a +0 halberd of electrocution.
The gnoll hits you from afar with a +0 halberd of electrocution.
You hit the orc warrior.
The orc warrior is heavily wounded.
The orc warrior hits you with a +0 halberd of electrocution.
You are electrocuted!!
The gnoll hits you from afar with a +0 halberd of electrocution.
* * * LOW HITPOINT WARNING * * *
You are too injured to fight recklessly!
You are too injured to fight recklessly!
You are too injured to fight recklessly!
You are too injured to fight recklessly!
You are too injured to fight recklessly!
You are too injured to fight recklessly!
You are too injured to fight recklessly!
Press: ? - help, v - describe, . - travel, g - get item
Here: a gnoll, wielding a +0 halberd of electrocution Item here: a +1 halberd of electrocution.
The floor.
Unknown command.
The orc warrior hits you from afar with a +0 halberd of electrocution.
* * * LOW HITPOINT WARNING * * *
You are electrocuted!
You die...

### ### #####
#.###.###{'.# {
##'##'##o###'#
##....g## #..
###...)o### .g.!
#.'..⌠..')# .⌠.!+
###....@### !.!.#
##.....## !{o#
##'##'##'###+ o##'
#)###.###)#g# #'# ###
##### ### ###
#)###)###)#)###.###)#
##'##'##'###'##'##'##
##.....## ##.....##
###.....#####.....###


You could see an orc warrior, a gnoll and an orc.

Vanquished Creatures
  2 yaks (D:8)
  A water moccasin (D:6)
  2 orc warriors (D:7)
  A black bear (D:5)
  A phantom (D:4)
  2 bullfrogs
  A gnoll sergeant (D:6)
  Blork the orc (D:4)
  7 scorpions
  3 lava snakes (D:7)
  A jelly (D:7)
  4 hounds
  2 orc priests
  Jessica (D:3)
  5 iguanas
  2 sleepcaps
  6 orc wizards
  24 gnolls
  5 adders
  A shadow imp (D:7)
  2 white imps
  2 worms (D:3)
  2 dart slugs
  23 orcs
  4 bats
  8 endoplasms
  2 giant cockroaches
  8 goblins
  8 hobgoblins
  6 jackals
  5 quokkas
  16 ball pythons
  3 frilled lizards
  6 kobolds
  9 rats
176 creatures vanquished.

Notes
Turn   | Place    | Note
-------+----------+-------------------------------------------
     0 | D:1      | cforsyth the Formicid Fighter began the quest for the Orb.
     0 | D:1      | Reached XP level 1. HP: 18/18 MP: 1/1
   111 | D:1      | Reached XP level 2. HP: 22/24 MP: 2/2
   377 | D:1      | Reached XP level 3. HP: 30/30 MP: 3/3
   420 | D:1      | Reached skill level 3 in Maces & Flails
   429 | D:1      | You fall into a shaft and drop 1 floor!
  1198 | D:2      | Reached XP level 4. HP: 26/37 MP: 4/4
  1477 | D:3      | Found a bloodstained altar of Trog.
  1518 | D:3      | Noticed Jessica
  1535 | D:3      | Killed Jessica
  1536 | D:3      | Reached skill level 4 in Maces & Flails
  1536 | D:3      | Reached XP level 5. HP: 33/42 MP: 5/5
  1751 | D:3      | Found a white marble altar of Elyvilon.
  1860 | D:3      | Found a shimmering altar of Xom.
  2273 | D:2      | Found The Oracle's Delphic Readings.
  2785 | D:4      | Noticed a phantom
  2793 | D:4      | Killed a phantom
  2794 | D:4      | Reached skill level 5 in Maces & Flails
  2794 | D:4      | Reached XP level 6. HP: 50/50 MP: 6/6
  2881 | D:4      | Noticed Blork the orc
  2886 | D:4      | Killed Blork the orc
  2887 | D:4      | Reached skill level 5 in Fighting
  3220 | D:4      | Reached XP level 7. HP: 53/56 MP: 7/7
  3270 | D:4      | Reached skill level 6 in Maces & Flails
  3783 | D:5      | Entered Level 5 of the Dungeon
  3895 | D:5      | Found a sparkling altar of Nemelex Xobeh.
  3898 | D:5      | Found a hazy altar of Hepliaklqana.
  4108 | D:5      | Found a shimmering blue altar of Sif Muna.
  4228 | D:5      | Reached skill level 7 in Maces & Flails
  4228 | D:5      | Reached XP level 8. HP: 64/64 MP: 8/8
  4692 | D:6      | Reached skill level 8 in Maces & Flails
  4803 | D:6      | Reached XP level 9. HP: 24/72 MP: 9/9
  4960 | D:6      | Reached skill level 9 in Maces & Flails
  5556 | D:7      | Found a runed translucent gate.
  5556 | D:7      | Found a runed translucent gate.
  5556 | D:7      | Noticed a kobold demonologist
  5558 | D:7      | Found a runed translucent gate.
  5558 | D:7      | Noticed ytrimaz's ghost (novice FoFi)
  5606 | D:7      | Found Baze's Book Shoppe.
  5889 | D:7      | Found a staircase to the Ecumenical Temple.
  6341 | D:8      | Identified a scroll of acquirement
  6347 | D:8      | Acquired the +0 pair of boots of the Bequeathed Louse {rF++
                  | Dex+3}
  6370 | D:8      | Reached skill level 10 in Maces & Flails
  6448 | D:8      | Found a flagged portal.
  6468 | Bailey   | Entered a bailey
  6782 | Bailey   | Slain by an orc warrior

Illustrated notes

Levels and vault maps discovered:
D:1:      ncdulo_halloftheorcs, layout_basic, minmay_pentomino_u4
D:2:      layout_basic, nicolae_nh_oracle_at_delphi
D:3:      layout_basic, elyvilon_altar_4, lemuel_crystal_altar,
          mainiacjoe_overflow_boulevard, uniq_jessica
D:4:      layout_basic, grunt_decor_mini_mirrors, uniq_blork_the_orc
D:5:      minmay_recursive_quarters, layout_rooms,
          lemuel_coloured_pillars_altar, nicolae_overflow_squiral
D:6:      layout_basic
D:7:      layout_rooms, minmay_temple_entry_drinking_statues, serial_shops,
          nicolae_shop_window_shopping, gammafunk_ghost_nasty_kobolds,
          chequers_serial_rivers_small_b, kennysheep_decorative_pillar
D:8:      layout_basic, mainiacjoe_overflow_alcove_2, enter_bailey_4
Bailey:   bailey_polearm_nasty_gnolls, bailey

Skill      XL: |  1  2  3  4  5  6  7  8  9 |
---------------+----------------------------+-----
Maces & Flails | 3 4 5 7 8 10 | 10.5
Fighting       | 4 5 6 7 8 |  8.6
Armour         | |  3.2
Shields        | |  4.0

Action                     |  1- 3 |  4- 6 |  7- 9 || total
---------------------------+-------+-------+-------++-------
  Melee: Flail             |    96 |   146 |   220 ||   462
         Morningstar       |       |       |   164 ||   164
    Use: Scroll            |       |       |    12 ||    12
         Potion            |       |       |     1 ||     1
 Armour: Scale mail        |    65 |    15 |       ||    80
         Chain mail        |       |    32 |   168 ||   200
  Dodge: Dodged            |    59 |    53 |   149 ||   261
  Block: Buckler           |    29 |    36 |    78 ||   143

Table legend: (Time is in decaauts)
 A = Elapsed time spent in this place.
 B = Non-inter-level travel time spent in this place.
 C = Inter-level travel time spent in this place.
 D = Time resting spent in this place.
 E = Time spent auto-exploring this place.
 F = Levels seen in this place.
 G = Mean time per level.
                   A        B        C        D        E       F      G
               +--------+--------+--------+--------+--------+-----+--------+
         Total |   6865 |   6275 |    590 |    175 |   4265 |   9 |  762.8 |
       Dungeon |   6551 |   5961 |    590 |    115 |   4256 |   8 |  818.9 |
        Bailey |    314 |    314 |      0 |     60 |      9 |   1 |  314.0 |
               +--------+--------+--------+--------+--------+-----+--------+

Top non-repeatable levels by time:
     D:4: 1010 daAuts
     D:2: 983 daAuts
     D:1: 952 daAuts
     D:3: 915 daAuts
     D:5: 871 daAuts
     D:6: 854 daAuts
     D:7: 852 daAuts
  Bailey: 314 daAuts
     D:8: 111 daAuts
